 Dungeon Crawl Stone Soup version 0.23.2-11-gf996548 (webtiles) character file.

Game seed: 3509745769643243025

28467 prey the Warrior (level 13, -3/127 HPs)
             Began as a Minotaur Berserker on May 21, 2019.
             Was a High Priest of Trog.
             Slain by a rust devil (6 damage)
             ... summoned by an orc high priest
             ... on level 2 of the Orcish Mines on June 4, 2019.
             The game lasted 01:12:12 (12895 turns).

prey the Warrior (Minotaur Berserker)              Turns: 12895, Time: 01:12:13

Health: -3/127     AC:  3    Str: 24    XL:     13   Next: 9%
Magic:  14/14      EV: 10    Int:  6    God:    Trog [*****.]
Gold:   827        SH: 12    Dex: 13    Spells: 12/12 levels left

rFire    + . .     SeeInvis +   H - +11 mace of Trog's Wrath {crush, Stlth+}
rCold    + . .     Gourm    .   B - +0 shield
rNeg     . . .     Faith    .   J - +0 plate armour
rPois    .         Spirit   .   r - +2 hat {SInv}
rElec    .         Reflect  .   b - scarf {rC+ rF+}
rCorr    .         Harm     .   v - +2 pair of gloves
MR       .....                  x - +1 pair of boots
Stlth    ..........             U - amulet of regeneration
HPRegen  0.71/turn              D - +3 ring of protection
MPRegen  0.14/turn              W - +2 ring of dexterity

@: corroded
A: retaliatory headbutt, horns 2
a: Berserk, Trog's Hand, Brothers in Arms, Renounce Religion


You were on level 2 of the Orcish Mines.
You worshipped Trog.
Trog was extremely pleased with you.
You were not hungry.

You visited 3 branches of the dungeon, and saw 15 of its levels.
You also visited: Bailey.

You collected 911 gold pieces.
You spent 84 gold pieces at shops.

Inventory:

Hand Weapons
 m - a +5 great mace of draining
 H - the +11 mace of Trog's Wrath (weapon) {crush, Stlth+}
   (Trog gifted it to you on level 10 of the Dungeon)

   It inflicts extra damage upon your enemies.
   It makes you more stealthy.
Missiles
 q - 5 throwing nets (quivered)
 Q - 19 javelins of returning
Armour
 b - a scarf of resistance (worn)
 r - a +2 hat of see invisible (worn)
 v - a +2 pair of gloves (worn)
 x - a +1 pair of boots (worn)
 B - a +0 shield (worn)
 J - a +0 plate armour (worn)
Jewellery
 d - the amulet "Racodwai" {+Rage Dex+2}
   (You found it on level 12 of the Dungeon)

   [amulet of rage]

   It affects your dexterity (+2).
   It lets you go berserk.
 D - a +3 ring of protection (left hand)
 U - an amulet of regeneration (around neck)
 W - a +2 ring of dexterity (right hand)
Wands
 a - a wand of disintegration (31)
 g - a wand of paralysis (12)
 y - a wand of polymorph (1)
 E - a wand of acid (8)
 F - a wand of enslavement (10)
 T - a wand of iceblast (16)
Scrolls
 e - 9 scrolls of remove curse
 k - 10 scrolls of teleportation
 P - 2 scrolls of fear
 Z - a scroll of acquirement
Potions
 f - 5 potions of lignification
 i - 3 potions of resistance
 j - 2 potions of agility
 l - a potion of curing
 p - a potion of cancellation
 s - 2 potions of heal wounds
 u - 2 potions of invisibility
 w - a potion of ambrosia
 z - 2 potions of brilliance {unknown}
 A - 3 potions of flight
 I - a potion of magic {unknown}
 R - a potion of experience {unknown}
Miscellaneous
 M - a lightning rod (4/4)
 O - a fan of gales
Comestibles
 c - 24 rations
 h - 10 chunks of flesh


   Skills:
 * Level 15.3 Fighting
 + Level 10.4(10.5) Maces & Flails
   Level 4.3(4.6) Polearms
   Level 2.4(7.6) Staves
 * Level 13.8 Armour
 + Level 6.9 Dodging
 - Level 9.0 Shields
 + Level 3.4 Evocations


You had 12 spell levels left.
You didn't know any spells.
Your spell library contained the following spells:

 Spells                   Type           Power        Failure   Level  Hunger
 Beastly Appendage        Tmut           #.....       100%        1    ##.....
 Magic Dart               Conj           #...         100%        1    ##.....
 Sting                    Conj/Pois      #...         100%        1    ##.....
 Poisonous Vapours        Pois/Air       #.....       100%        2    ###....
 Searing Ray              Conj           #.....       100%        2    ###....
 Sticks to Snakes         Tmut           #.......     100%        2    ###....
 Dazzling Spray           Conj/Hex       #.....       100%        3    ####...
 Mephitic Cloud           Conj/Pois/Air  #.......     100%        3    ####...
 Spider Form              Tmut/Pois      #.........   100%        3    ####...
 Cause Fear               Hex            #.........   100%        4    #####..
 Force Lance              Conj/Tloc      #.......     100%        4    #####..
 Fulminant Prism          Conj/Hex       #.........   100%        4    #####..
 Ice Form                 Ice/Tmut       #.......     100%        4    #####..
 Iskenderun's Mystic Bla  Conj           #.......     100%        4    #####..
 Olgreb's Toxic Radiance  Pois           #.......     100%        4    #####..
 Blade Hands              Tmut           #.........   100%        5    ######.
 Silence                  Hex/Air        #.........   100%        5    ######.
 Venom Bolt               Conj/Pois      #.........   100%        5    ######.
 Yara's Violent Unravell  Hex/Tmut       #.........   100%        5    ######.
 Deflect Missiles         Chrm/Air       #.........   100%        6    #######
 Discord                  Hex            #.........   100%        8    #######


Dungeon Overview and Level Annotations

Branches:
Dungeon (12/15)            Temple (1/1) D:7            Lair (0/6) D:10
    Orc (2/2) D:10
    Elf: Orc:2

Altars:
Ashenzari
Cheibriados
Dithmenos
Elyvilon
Fedhas
Gozag
Hepliaklqana
Kikubaaqudgha
Makhleb
Nemelex Xobeh
Okawaru
Qazlal
Ru
Sif Muna
Trog
Uskayaw
Vehumet
Wu Jian
Xom
Yredelemnul
Zin
The Shining One

Shops:
D:6 ?   D:7 :


Innate Abilities, Weirdness & Mutations

You reflexively headbutt those who attack you in melee.
You have a pair of horns on your head.


Message History

* * * LOW HITPOINT WARNING * * *
The rust devil hits you.
* * * LOW HITPOINT WARNING * * *
The rust devil corrodes you! The orc high priest barely misses you.
You feel better. You block the orc warrior's attack. The rust devil hits you.
The rust devil corrodes you! The smoke demon gestures at you.
The ball of steam hits you. You resist.
* * * LOW HITPOINT WARNING * * *
You feel much better.
The orc high priest hits you from afar with a +0 glaive!
* * * LOW HITPOINT WARNING * * *
The orc warrior hits you with a +0 short sword!
* * * LOW HITPOINT WARNING * * *
You block the rust devil's attack. The smoke demon gestures at you.
Beogh smites you!
* * * LOW HITPOINT WARNING * * *
The rust devil hits you.
You die...

............(...##...
...........(........
.P..#.#..(.........
.P......(.(.....$..
.P....##...(.......
.....#........$....
.#.....o3......###.
......o34......##
.#.§.§§@).#.......
#.§§§.<)..........
#..§§#[...........
##.##..)).........
... ##.)..........
... #............ ..
..............
................
.#..............


You could see an orc high priest, a sun demon, a rust devil, a smoke demon and
an orc warrior.

Vanquished Creatures
  Saint Roka (Orc:1)
  An orc warlord (D:10)
  Harold (Orc:1)
  A hydra (D:12)
  2 two-headed ogres
  Pikel (D:8)
  2 orc knights (Orc:2)
  An orc sorcerer (Orc:1)
  2 deep elf magi (D:12)
  An ugly thing (D:7)
  A manticore (D:11)
  8 gargoyles
  7 trolls
  5 slime creatures (D:12)
  4 hippogriffs
  A wyvern (D:7)
  A vampire (D:11)
  5 yaks
  A wraith (D:10)
  2 hungry ghosts
  5 wargs
  A soldier ant (D:12)
  3 porcupines (D:10)
  3 ice beasts
  4 sky beasts
  2 eyes of draining
  3 black bears
  3 necrophages
  26 orc warriors
  10 ogres
  A phantom (D:5)
  10 centaurs
  2 crocodiles (D:10)
  2 big kobolds (D:9)
  5 bullfrogs
  A gnoll sergeant (D:10)
  A water moccasin zombie (D:8)
  2 wyvern zombies
  A hornet simulacrum (D:12)
  2 scorpions
  18 killer bees
  3 wights (D:11)
  4 howler monkeys
  5 crimson imps
  A centaur zombie (D:5)
  2 bullfrog zombies
  12 orc priests
  A quasit (D:7)
  Crazy Yiuf (D:3)
  A bullfrog skeleton (D:5)
  4 hounds
  7 jellies
  Jessica (D:3)
  11 iguanas
  4 centaur skeletons
  Natasha (thrice) (D:4)
  14 orc wizards
  15 worker ants
  A hound zombie (D:7)
  3 hound skeletons
  11 gnolls
  13 adders
  6 shadow imps
  5 oozes (D:8)
  An adder skeleton (D:9)
  2 adder zombies
  3 worms
  6 dart slugs
  4 leopard geckos
  96 orcs
  A ball python (D:1)
  7 bats
  6 giant cockroaches
  5 goblins
  7 hobgoblins
  11 jackals
  19 kobolds
  3 quokkas
  4 frilled lizards
  A jackal skeleton (D:4)
  A leopard gecko zombie (D:7)
  5 rats
463 creatures vanquished.

Vanquished Creatures (collateral kills)
  An ogre (D:9)
  2 orcs (D:9)
3 creatures vanquished.

Vanquished Creatures (others)
  An orc (Orc:1)
  21 fungi (D:10)
  6 plants (D:10)
28 creatures vanquished.

Grand Total: 494 creatures vanquished

Notes
Turn   | Place    | Note
-------+----------+-------------------------------------------
     0 | D:1      | prey the Minotaur Berserker began the quest for the Orb.
     0 | D:1      | Reached XP level 1. HP: 19/19 MP: 0/0
    34 | D:1      | Reached XP level 2. HP: 25/27 MP: 1/1
   239 | D:1      | Reached skill level 4 in Fighting
   525 | D:2      | Reached XP level 3. HP: 33/33 MP: 2/2
   538 | D:2      | Found a hazy altar of Hepliaklqana.
   728 | D:2      | Found a stormy altar of Qazlal.
   748 | D:2      | Found a blossoming altar of Fedhas.
   791 | D:2      | Reached ** piety under Trog
  1418 | D:2      | Upgraded the game from 0.23.2-1-ga50397a to
                  | 0.23.2-11-gf996548
  1471 | D:3      | Reached XP level 4. HP: 36/40 MP: 3/3
  1786 | D:3      | Reached XP level 5. HP: 46/47 MP: 4/4
  1986 | D:3      | Reached *** piety under Trog
  1986 | D:3      | Reached skill level 5 in Fighting
  2170 | D:3      | Found a runed translucent door.
  2171 | D:3      | Noticed Crazy Yiuf
  2180 | D:3      | Killed Crazy Yiuf
  2430 | D:3      | Noticed Jessica
  2433 | D:3      | Killed Jessica
  2504 | D:4      | Noticed Natasha
  2507 | D:4      | Killed Natasha
  2507 | D:4      | Reached XP level 6. HP: 56/56 MP: 5/5
  2512 | D:4      | Reached skill level 1 in Staves
  2621 | D:4      | Reached skill level 6 in Fighting
  2622 | D:4      | Reached skill level 5 in Armour
  2689 | D:4      | Noticed Natasha
  2702 | D:4      | Killed Natasha
  2925 | D:4      | Got a pitted mace
  2926 | D:4      | Identified the +9 mace of Tension {antimagic, +Blink} (You
                  | found it on level 4 of the Dungeon)
  3039 | D:4      | Noticed Natasha
  3048 | D:4      | Killed Natasha
  3048 | D:4      | Reached XP level 7. HP: 60/64 MP: 2/6
  3106 | D:4      | Found a sacrificial altar of Ru.
  3160 | D:4      | Reached skill level 1 in Shields
  3194 | D:5      | Entered Level 5 of the Dungeon
  3299 | D:5      | Reached skill level 1 in Maces & Flails
  3327 | D:5      | Reached skill level 7 in Fighting
  3977 | D:5      | Reached XP level 8. HP: 56/73 MP: 2/7
  4238 | D:5      | Reached **** piety under Trog
  4365 | D:6      | Reached skill level 8 in Fighting
  4474 | D:6      | Reached skill level 5 in Shields
  4670 | D:6      | Found Ywuvisef's Magic Scroll Emporium.
  4677 | D:6      | Bought 2 scrolls of teleportation for 84 gold pieces
  5242 | D:7      | Found a staircase to the Ecumenical Temple.
  5248 | Temple   | Entered the Ecumenical Temple
  5359 | D:7      | Reached skill level 9 in Fighting
  5365 | D:7      | Reached XP level 9. HP: 82/83 MP: 2/8
  5398 | D:7      | Noticed a green ugly thing
  5401 | D:7      | Noticed a gargoyle
  5407 | D:7      | Killed a green ugly thing
  5416 | D:7      | Killed a gargoyle
  5418 | D:7      | Identified the +8 shortbow of Youthful Indiscretion
                  | {freeze, rPois rF+ MP-9 Dex+2}
  5430 | D:7      | Reached skill level 5 in Maces & Flails
  5489 | D:7      | Noticed a gargoyle
  5505 | D:7      | Killed a gargoyle
  5505 | D:7      | Reached skill level 10 in Fighting
  5816 | D:7      | Got an ancient hunting sling
  5879 | D:7      | Reached XP level 10. HP: 92/94 MP: 3/9
  5957 | D:7      | Reached ***** piety under Trog
  5961 | D:7      | Found Fetes's Book Emporium.
  6272 | D:7      | Reached skill level 11 in Fighting
  6714 | D:8      | Noticed Pikel
  6725 | D:8      | Killed Pikel
  6728 | D:8      | Received a gift from Trog
  6813 | D:8      | Found an ornate altar of the Wu Jian Council.
  7014 | D:8      | Found a glowing silver altar of Zin.
  7014 | D:8      | Found a white marble altar of Elyvilon.
  7014 | D:8      | Found a glowing golden altar of the Shining One.
  7419 | D:9      | Reached skill level 12 in Fighting
  7577 | D:9      | Identified the +5 hunting sling of Hospitality {speed, rF+
                  | rC+ SInv} (You found it on level 7 of the Dungeon)
  7737 | D:9      | Reached skill level 10 in Armour
  7802 | D:9      | Noticed a gargoyle
  7813 | D:9      | Killed a gargoyle
  7819 | D:9      | Noticed a gargoyle
  7823 | D:9      | Killed a gargoyle
  7837 | D:9      | Noticed a gargoyle
  7848 | D:9      | Killed a gargoyle
  7848 | D:9      | Reached XP level 11. HP: 93/105 MP: 3/10
  8298 | D:9      | Noticed a two-headed ogre
  8307 | D:9      | Killed a two-headed ogre
  8390 | D:9      | Found a snail-covered altar of Cheibriados.
  8481 | D:9      | Found a radiant altar of Vehumet.
  8481 | D:9      | Found a bloodstained altar of Trog.
  8481 | D:9      | Found an opulent altar of Gozag.
  8518 | D:9      | Found an iron altar of Okawaru.
  8673 | D:10     | Entered Level 10 of the Dungeon
  8801 | D:10     | Found a staircase to the Lair.
  8829 | D:9      | Reached skill level 13 in Fighting
  8983 | D:10     | Received a gift from Trog
  8995 | D:10     | Got a dazzling mace {god gift}
  9062 | D:10     | Identified the +11 mace of Trog's Wrath {crush, Stlth+}
                  | (Trog gifted it to you on level 10 of the Dungeon)
  9339 | D:10     | Found a staircase to the Orcish Mines.
  9506 | D:11     | Found a flagged portal.
  9521 | D:11     | Noticed a two-headed ogre
  9527 | D:11     | Killed a two-headed ogre
  9549 | D:11     | Identified 2 scrolls of acquirement
  9559 | Bailey   | Entered a bailey
  9961 | Bailey   | Reached skill level 5 in Dodging
 10170 | Bailey   | Reached XP level 12. HP: 115/116 MP: 11/11
 10495 | D:11     | Reached skill level 14 in Fighting
 11007 | D:12     | Received a gift from Trog
 11196 | D:12     | Reached skill level 1 in Evocations
 11285 | D:12     | Found the +4 robe of Augmentation {Str+4 Int+4 Dex+4}
 11508 | D:12     | Noticed a four-headed hydra
 11515 | D:12     | Killed a four-headed hydra
 11702 | D:12     | Got a crude diamond amulet
 11969 | D:10     | Identified the amulet "Racodwai" {+Rage Dex+2} (You found
                  | it on level 12 of the Dungeon)
 12019 | Orc:1    | Entered Level 1 of the Orcish Mines
 12146 | Orc:1    | Noticed Harold
 12164 | Orc:1    | Killed Harold
 12167 | Orc:1    | Received a gift from Trog
 12298 | Orc:2    | Entered Level 2 of the Orcish Mines
 12323 | Orc:2    | Noticed an orc high priest
 12323 | Orc:2    | Noticed an orc high priest
 12324 | Orc:2    | Noticed an orc warlord
 12356 | D:10     | Killed an orc warlord
 12470 | Orc:1    | Reached skill level 10 in Maces & Flails
 12494 | Orc:2    | Noticed Saint Roka
 12655 | Orc:1    | Reached skill level 15 in Fighting
 12699 | Orc:1    | Killed Saint Roka
 12699 | Orc:1    | Reached XP level 13. HP: 102/127 MP: 14/14
 12892 | Orc:2    | HP: 2/127 [orc warrior/+0 short sword (16)]
 12895 | Orc:2    | Slain by a rust devil

Skill      XL: |  1  2  3  4  5  6  7  8  9 10 11 12 |
---------------+-------------------------------------+-----
Fighting       | 4 5 6 7 9 10 12 13 15 | 15.3
Polearms       | 4 |  4.3
Armour         | 3 4 5 6 8 10 12 13 | 13.8
Dodging        | 3 4 5 6 |  6.9
Staves         | 2 |  2.4
Shields        | 3 6 8 9 |  9.0
Maces & Flails | 2 4 5 7 9 10 | 10.4
Evocations     | 3 |  3.4

Action                   |  1- 3 |  4- 6 |  7- 9 | 10-12 | 13-15 || total
-------------------------+-------+-------+-------+-------+-------++-------
Melee: Spear             |   118 |    82 |       |       |       ||   200
       Headbutt          |    16 |    17 |    44 |   155 |     9 ||   241
       Quarterstaff      |       |    32 |       |       |       ||    32
       Mace              |       |     4 |   226 |   767 |    36 ||  1033
Throw: Throwing net      |       |       |     1 |     1 |       ||     2
Invok: Berserk           |       |       |     2 |    18 |     1 ||    21
       Trog's Hand       |       |       |     1 |     3 |       ||     4
       Brothers in Arms  |       |       |       |     1 |       ||     1
 Abil: Evoke Blink       |       |       |     1 |       |       ||     1
  Use: Scroll            |       |       |     4 |    25 |       ||    29
       Potion            |       |       |       |     1 |     2 ||     3
  Eat: Chunk             |     2 |     4 |     6 |    39 |     3 ||    54
       Ration            |       |       |     2 |     2 |       ||     4
Armor: Animal skin       |     4 |       |       |       |       ||     4
       Scale mail        |    10 |    21 |    26 |       |       ||    57
       Skin              |       |     3 |       |       |       ||     3
       Chain mail        |       |       |    23 |       |       ||    23
       Plate armour      |       |       |    80 |   449 |    28 ||   557
Dodge: Dodged            |    44 |    49 |    62 |   281 |    17 ||   453
Block: Shield            |       |       |   108 |   565 |    26 ||   699
       Large shield      |       |       |     4 |       |       ||     4
